 Dungeon Crawl Stone Soup version 0.26-a0-1132-ge9770dfcb6 (webtiles) character file.

Game seed: 9651937234368341393

371 tilp the Changer (level 6, 0/39 HPs)
             Began as an Octopode Transmuter on Dec 20, 2020.
             Slain by a quasit (1 damage)
             ... while paralysed
             ... on level 5 of the Dungeon.
             The game lasted 00:05:26 (5603 turns).

tilp the Changer (Octopode Transmuter)              Turns: 5603, Time: 00:05:27

Health: 0/39       AC:  1    Str:  9      XL:     6   Next: 70%
Magic:  8/9        EV:  2    Int: 18      God:
Gold:   55         SH:  0    Dex:  0 (12) Spells: 6/9 levels left

rFire    . . .     SeeInvis .     - Unarmed
rCold    . . .     Faith    .   (no shield)
rNeg     . . .     Spirit   .   (helmet currently unavailable)
rPois    .         Reflect  .   (no amulet)
rElec    .         Harm     .   (no ring)
rCorr    .         Rampage  .   (no ring)
Will     .....                  (no ring)
Stlth    ..........             (no ring)
HPRegen  0.13/turn              (no ring)
MPRegen  0.11/turn              (no ring)
                                (no ring)
                                (no ring)

@: paralysed, appendages, wereblooded, slowed, lost dexterity
A: almost no armour, stealthy swim, amphibious, 8 rings, constrict 8, tentacle
spike 3, camouflage 1, gelatinous body 1
a: End Transformation


You were on level 5 of the Dungeon.
One of your tentacles had a temporary spike.
You visited 1 branch of the dungeon, and saw 5 of its levels.

You collected 55 gold pieces.

Inventory:

Missiles
 c - 101 stones (quivered)
 j - 3 boomerangs
Wands
 m - a wand of disintegration (9)
Scrolls
 b - 4 scrolls of remove curse
 d - 3 scrolls of immolation {unknown}
 e - a scroll of enchant armour
 g - a scroll of enchant weapon {unknown}
 i - a scroll of teleportation {unknown}
 k - a scroll of blinking {unknown}
 n - a scroll of amnesia {unknown}
Potions
 a - a potion of resistance
 f - a potion of attraction
 h - 3 potions of curing {unknown}
 l - a potion of berserk rage {unknown}
 p - a potion of magic {unknown}


   Skills:
 - Level 2.0 Fighting
 - Level 2.0 Dodging
 - Level 4.0 Stealth
 - Level 4.0 Unarmed Combat
 - Level 2.0 Spellcasting
 + Level 5.3 Transmutations


You had 6 spell levels left.
You knew the following spells:

 Your Spells              Type           Power        Failure   Level
a - Beastly Appendage     Tmut           40%          1%          1
b - Wereblood             Tmut           20%          3%          2

Your spell library contained the following spells:

 Spells                   Type           Power        Failure   Level
 Spider Form              Tmut/Pois      5%           19%         3
 Blade Hands              Tmut           10%          50%         5
 Ice Form                 Ice/Tmut       11%          52%         4


Dungeon Overview and Level Annotations

Branches:
Dungeon (5/15)
 Temple: D:4-7

Altars:
Ashenzari
Xom

Annotations:
D:2 1 runed translucent door, exclusion: 3 gnolls, Crazy Yiuf, Terence
D:4 2 transporters


Innate Abilities, Weirdness & Mutations

You cannot wear most types of armour.
You are very stealthy in the water. (Stealth+)
You are amphibious.
You can wear up to eight rings at the same time.
You can use your tentacles to constrict eight enemies at once.
Your skin changes colour to match your surroundings (Stealth+).
Your rubbery body absorbs attacks. (AC +1, EV +1)
One of your tentacles bears a large vicious spike.


Message History

You constrict the quasit. The quasit misses you. The quasit claws you.
* * * LOW HITPOINT WARNING * * *
You feel clumsy. The quasit barely misses you. The quasit closely misses you.
The quasit barely misses you. The quasit claws you.
* * * LOW HITPOINT WARNING * * *
You feel clumsy.
You tentacle-slap the quasit but do no damage.
The quasit is almost dead.
You constrict the quasit, but do no damage.
The quasit bites you but does no damage.
The quasit barely misses you. The quasit closely misses you.
Unknown command.
You barely miss the quasit.
The quasit is almost dead.
You constrict the quasit. The quasit bites you.
* * * LOW HITPOINT WARNING * * *
You feel clumsy.
You have lost your dexterity.
The quasit claws you.
You die...

.........
#........
#........
#.[......
#$.......
#5.......
#oc..o..[
#####5#######
#....@†.....##
#.............
#........###.#
#........#
#........###
#..........+
#######..###
#######.#
#...##..###.#


You could see a centaur, a quasit, an orc and an ufetubus.

Vanquished Creatures
  A scorpion (D:4)
  2 hounds (D:5)
  Jessica (D:2)
  2 orc wizards
  2 worker ants (D:4)
  5 adders
  An ooze (D:1)
  An adder skeleton (D:4)
  2 worms
  A dart slug (D:2)
  5 leopard geckos
  8 orcs
  6 bats
  5 giant cockroaches
  6 goblins
  2 hobgoblins (D:2)
  5 jackals
  A ball python (D:3)
  10 frilled lizards
  5 kobolds
  6 rats
77 creatures vanquished.

Vanquished Creatures (others)
  5 dream sheep (D:4)
5 creatures vanquished.

Grand Total: 82 creatures vanquished

Notes
Turn   | Place    | Note
-------+----------+-------------------------------------------
     0 | D:1      | tilp the Octopode Transmuter began the quest for the Orb.
     0 | D:1      | Reached XP level 1. HP: 13/13 MP: 3/3
    94 | D:1      | Reached XP level 2. HP: 17/18 MP: 3/5
    97 | D:1      | Learned a level 2 spell: Wereblood
   277 | D:1      | Reached skill level 3 in Transmutations
   724 | D:2      | Noticed Jessica
   738 | D:2      | Reached XP level 3. HP: 14/23 MP: 3/6
   741 | D:2      | Killed Jessica
   742 | D:2      | Reached skill level 4 in Transmutations
  1169 | D:2      | Reached XP level 4. HP: 28/28 MP: 5/7
  1219 | D:2      | Reached skill level 1 in Stealth
  1505 | D:2      | Noticed Terence
  1969 | D:2      | Found a runed translucent door.
  1970 | D:2      | Noticed Crazy Yiuf
  2643 | D:3      | Reached XP level 5. HP: 4/34 MP: 6/8
  3028 | D:3      | Found a broken altar of Ashenzari.
  3931 | D:4      | Found a transporter.
  4149 | D:4      | Reached XP level 6. HP: 10/39 MP: 9/9
  4722 | D:4      | Noticed a dream sheep
  4722 | D:4      | Noticed a dream sheep
  4722 | D:4      | Noticed a dream sheep
  4722 | D:4      | Noticed a dream sheep
  4722 | D:4      | Noticed a dream sheep
  4722 | D:4      | Found a shimmering altar of Xom.
  4726 | D:4      | Killed a dream sheep
  4727 | D:4      | Killed a dream sheep
  4727 | D:4      | Killed a dream sheep
  4727 | D:4      | Killed a dream sheep
  4730 | D:4      | Killed a dream sheep
  4904 | D:4      | Noticed an ice beast
  4905 | D:4      | Found a transporter.
  4906 | D:4      | Noticed an ice beast
  5560 | D:5      | Entered Level 5 of the Dungeon
  5581 | D:5      | Reached skill level 5 in Transmutations
  5603 | D:5      | HP: 1/39 [quasit (1)]
  5603 | D:5      | Lost dexterity.
  5603 | D:5      | Slain by a quasit

Illustrated notes

Levels and vault maps discovered:
D:1:      psy_arrival_spokes, layout_rooms, minmay_lizard_pond
D:2:      layout_loops_cross, feat_on_display, uniq_crazy_yiuf_cottage,
          uniq_terence, uniq_jessica
D:3:      layout_basic, nicolae_ashenzari_panopticon
D:4:      gammafunk_cloud_chamber, layout_loops_ring, kb_xom_exploding_sheep
D:5:      layout_basic, nicolae_overflow_hidden_temple, lemuel_doored_altar,
          serial_shops, nicolae_shop_trees, uniq_sigmund

Skill      XL: |  1  2  3  4  5  6 |
---------------+-------------------+-----
Transmutations | 3 4 5 |  5.3
Stealth        | 2 4 |  4.0
Fighting       | 2 |  2.0
Unarmed Combat | 4 |  4.0
Dodging        | |  2.0
Spellcasting   | |  2.0

Action                   |  1- 3 |  4- 6 || total
-------------------------+-------+-------++-------
Melee: Unarmed           |    48 |   153 ||   201
       Kick              |     9 |    31 ||    40
       Constrict         |    10 |    37 ||    47
       Tentacles         |     1 |    17 ||    18
       Punch             |       |     4 ||     4
Throw: Stone             |       |    18 ||    18
 Cast: Beastly Appendage |    11 |    30 ||    41
       Wereblood         |     1 |     3 ||     4
Evoke: Wand              |       |     1 ||     1
  Use: Scroll            |       |     5 ||     5
       Potion            |       |     1 ||     1
 Stab: Sleeping          |     5 |     5 ||    10
Armor: Skin              |     2 |    10 ||    12
Dodge: Dodged            |    32 |   105 ||   137

Table legend: (Time is in decaauts)
 A = Elapsed time spent in this place.
 B = Non-inter-level travel time spent in this place.
 C = Inter-level travel time spent in this place.
 D = Time resting spent in this place.
 E = Time spent auto-exploring this place.
 F = Levels seen in this place.
 G = Mean time per level.
                   A        B        C        D        E       F      G
               +--------+--------+--------+--------+--------+-----+--------+
         Total |   5592 |   5381 |    211 |   2112 |   2736 |   5 | 1118.4 |
       Dungeon |   5592 |   5381 |    211 |   2112 |   2736 |   5 | 1118.4 |
               +--------+--------+--------+--------+--------+-----+--------+

Top non-repeatable levels by time:
     D:4: 1921 daAuts
     D:2: 1495 daAuts
     D:3: 1431 daAuts
     D:1: 703 daAuts
     D:5: 40 daAuts
